 Seeded DCSS version 0.29.1-15-g9cfb28693d (webtiles) character file.

Game seed: 1005979220513258592 (custom seed)

85 Psyclone the Magician (level 4, -1/24 HPs)
             Began as a Deep Elf Fire Elementalist on Sept 21, 2023.
             Slain by Crazy Yiuf
             ... wielding a +2 quarterstaff of chaos
              (8 damage)
             ... on level 2 of the Dungeon.
             The game lasted 00:02:16 (2557 turns).

Psyclone the Magician (Deep Elf Fire Elementalist)  Turns: 2557, Time: 00:02:16

Health: -1/24      AC:  3    Str:  5    XL:     4   Next: 25%
Magic:  12/12      EV: 12    Int: 22    God:
Gold:   186        SH:  0    Dex: 15    Spells: 10/11 levels left

rFire   . . .      SeeInvis .   o - +0 dagger (speed)
rCold   . . .      Faith    .   (no shield)
rNeg    . . .      Spirit   .   a - +0 robe
rPois   +          Reflect  .   (no helmet)
rElec   .          Harm     .   (no cloak)
rCorr   .          Rampage  .   (no gloves)
Will    .....                   n - +0 pair of boots
Stlth   ++........              (no amulet)
HPRegen 0.08/turn               p - ring of poison resistance
MPRegen 0.13/turn               (no ring)

@: no status effects
A: no striking features
a: no special abilities


You were on level 2 of the Dungeon.
You visited 1 branch of the dungeon, and saw 2 of its levels.

You collected 186 gold pieces.

Inventory:

Hand Weapons
 o - a +0 dagger of speed (weapon)
Armour
 a - a +0 robe (worn)
 n - a +0 pair of boots (worn)
Jewellery
 p - a ring of poison resistance (left hand)
Scrolls
 f - 2 scrolls of acquirement {unknown}
 g - a scroll of enchant weapon {unknown}
 i - a scroll of vulnerability {unknown}
 j - a scroll of immolation {unknown}
 m - a scroll of identify {unknown}
Potions
 b - a potion of magic
 c - 2 potions of cancellation {unknown}
 d - 3 potions of lignification {unknown}
 e - a potion of haste {unknown}
 h - a potion of mutation {unknown}
 k - a potion of resistance {unknown}
 l - a potion of brilliance {unknown}
 q - 2 potions of might {unknown}


   Skills:
 - Level 2.4 Dodging
 - Level 2.4 Stealth
 + Level 4.3 Spellcasting
 + Level 2.7 Conjurations
 + Level 4.2 Fire Magic


You had 10 spell levels left.
You knew the following spells:

 Your Spells              Type           Power      Damage    Failure   Level
a - Foxfire               Conj/Fire      80%        2x1d8     2%          1

Your spell library contained the following spells:

 Spells                   Type           Power      Damage    Failure   Level
 Scorch                   Fire           46%        2d7       3%          2
 Conjure Flame            Conj/Fire      20%        6-21      8%          3
 Inner Flame              Hex/Fire       13%        N/A       14%         3
 Blink                    Tloc           8%         N/A       17%         2
 Flame Wave               Conj/Fire      20%        2d7       26%         4
 Lesser Beckoning         Tloc           4%         N/A       32%         3
 Manifold Assault         Tloc           4%         N/A       97%         5


Dungeon Overview and Level Annotations

Branches:
Dungeon (2/15) Zot: 9444

Altars:

Annotations:
D:2 Crazy Yiuf


Message History

Casting: Foxfire (safe; 2% risk of failure)
Confirm with . or Enter, or press ? or * to list all spells.
You conjure some foxfire!
Your foxfire dissipates!
You now have 8/12 mp.
Your foxfire dissipates! x2
Key pressed, stopping explore.
Casting: Foxfire (safe; 2% risk of failure)
Confirm with . or Enter, or press ? or * to list all spells.
You conjure some foxfire!
Your foxfire dissipates! x2
Key pressed, stopping explore.
You now have 186 gold pieces (gained 6).
Key pressed, stopping explore.
Key pressed, stopping explore.
There is a stone staircase leading up here.
Key pressed, stopping explore.
Key pressed, stopping explore.
Key pressed, stopping explore.
Key pressed, stopping explore.
Key pressed, stopping explore.
Key pressed, stopping explore.
Key pressed, stopping explore.
Key pressed, stopping explore.
Key pressed, stopping explore.
Key pressed, stopping explore.
Key pressed, stopping explore.
There is a stone staircase leading up here.
Key pressed, stopping explore.
Key pressed, stopping explore.
Found a hammer.
Found a runed translucent door.
MP restored: 12 Crazy Yiuf shouts!
You open the door. Crazy Yiuf attacks as you move away!
Crazy Yiuf hits you with a +2 quarterstaff of chaos!
Ouch! That really hurt!
* * * LOW HITPOINT WARNING * * *
You are electrocuted!
You die...

#.# ###..........### #.#
###.............##
####.####....#...........##
.........################.#
<...)....# #.# ##
.........# #.# #.
.........# ### ♣♣#### ####.
.........# #)..#♣♣
♣♣....###..<. #####..###
#...g@♣♣♣♣.........###
......####
#...#♣..♣......#######
.........# ###
♣♣♣.♣............
...####### ♣♣♣♣♣####......
...# #........ ####
########.....†..
#........#......
########........ ###......


You could see Crazy Yiuf.

Vanquished Creatures
  Jessica (D:2)
  An adder (D:2)
  4 worms (D:2)
  4 ball pythons
  2 bats (D:1)
  4 endoplasms
  2 giant cockroaches (D:1)
  4 goblins
  3 hobgoblins (D:1)
  2 jackals (D:1)
  A quokka (D:2)
  3 frilled lizards (D:1)
  3 kobolds
  4 rats
38 creatures vanquished.

Vanquished Creatures (others)
  249 foxfires
249 creatures vanquished.

Grand Total: 287 creatures vanquished

Notes
Turn   | Place    | Note
-------+----------+-------------------------------------------
     0 | D:1      | Psyclone the Deep Elf Fire Elementalist began the quest for
                  | the Orb.
     0 | D:1      | Reached XP level 1. HP: 10/10 MP: 6/6
   434 | D:1      | Reached XP level 2. HP: 10/15 MP: 4/8
  1421 | D:2      | Reached XP level 3. HP: 19/19 MP: 7/10
  1573 | D:2      | Noticed Jessica
  1579 | D:2      | Killed Jessica
  2124 | D:2      | Reached XP level 4. HP: 24/24 MP: 4/12
  2552 | D:2      | Found a runed translucent door.
  2553 | D:2      | Noticed Crazy Yiuf
  2557 | D:2      | Slain by Crazy Yiuf

Illustrated notes

Levels and vault maps discovered:
D:1:      lemuel_arrival_hallway, layout_basic,
          amcnicky_mini_rare_corridor_liquid
D:2:      layout_rooms, dk_noncrumbling_3, chequers_serial_rivers_room_a,
          uniq_crazy_yiuf_cottage, uniq_jessica

Skill      XL: |  1  2  3 |
---------------+----------+-----
Conjurations   | 2 |  2.7
Spellcasting   | 4 |  4.3
Fire Magic     | 4 |  4.2
Dodging        | |  2.4
Stealth        | |  2.4

Action                   |  1- 3 |  4- 6 || total
-------------------------+-------+-------++-------
 Cast: Foxfire           |   125 |    15 ||   140
Armor: Robe              |     4 |     1 ||     5
Dodge: Dodged            |    12 |       ||    12
